[Event "*** SCC Grand Prix: Titled Tuesday Blitz"]
[Site "Chess.com"]
[Date "2020.07.14"]
[Round "4"]
[White "MisiekZielony"]
[Black "keshka01"]
[Result "0-1"]
[WhiteElo "2224"]
[BlackElo "2566"]
[TimeControl "180+1"]
[EndTime "10:39:19 PDT"]
[Termination "keshka01 won on time"]

1. c4 g6 2. Nc3 Bg7 3. g3 c5 4. Bg2 Nc6 5. e4 e6 6. Nge2 Nge7 7. d3 O-O 8. O-O Nd4 9. Nxd4 cxd4 10. Ne2 d5 11. exd5 exd5 12. c5 Bf5 13. Bg5 h6 14. Bf4 Re8 15. h3 g5 16. Bd6 Nc8 17. g4 Nxd6 18.
cxd6 Bg6 19. f4 Qxd6 20. f5 Bh7 21. Rf3 Re3 22. Rxe3 dxe3 23. d4 Re8 24. Qd3 Bf8 25. Rf1 f6 26. Rf3 Qe7 27. Rf1 Qd7 28. Nc3 Kg7 29.
Nxd5 e2 0-1

[Event "*** SCC Grand Prix: Titled Tuesday Blitz"]
[Site "Chess.com"]
[Date "2020.07.14"]
[Round "4"]
[White "Susal_De_Silva"]
[Black "LastHeroJr"]
[Result "0-1"]
[WhiteElo "2287"]
[BlackElo "2450"]
[TimeControl "180+1"]
[EndTime "10:39:19 PDT"]
[Termination "LastHeroJr won by resignation"]

1. e4 Nc6 2. Nc3 Nf6 3. Nf3 d6 4. d4 g6 5. g3 Bg7 6. Bg2 O-O 7.
O-O e5 8. Bg5 h6 9. Bxf6 Bxf6 10. dxe5 Nxe5 11. Nxe5 Bxe5 12. Qd3 Bg7 13. Rad1 Bg4 14.
f3 Be6 15. f4 c6 16. f5 Qb6+ 17. Kh1 Qxb2 18. Na4 Qxa2 19. fxe6 Qxa4 20. e7 Rfe8 21. Qxd6 Qxc2 22. e5 Qc3 23. Rde1 a5 24. e6 f5 25. g4 a4 26. gxf5 gxf5 27. Rd1 Qf6 28.
h3 a3 29. Be4 a2 30. Bxf5 a1=Q 31. Qd3 Qae5 32. Bh7+ Kh8 33. Rfe1 Qfxe6 34. Rxe5 Qxe5 35. Re1 Qxe1+ 0-1

[Event "*** SCC Grand Prix: Titled Tuesday Blitz"]
[Site "Chess.com"]
[Date "2020.07.14"]
[Round "4"]
[White "Steven_Rojas"]
[Black "talaicito"]
[Result "1-0"]
[WhiteElo "2400"]
[BlackElo "2173"]
[TimeControl "180+1"]
[EndTime "10:39:19 PDT"]
[Termination "Steven_Rojas won on time"]

1. e4 e5 2. Nf3 Nc6 3. Bb5 a6 4.
Ba4 Nf6 5. O-O b5 6. Bb3 Be7 7. Re1 O-O 8. a4 b4 9. c3 d6 10. h3 a5 11. d4 Re8 12. Nbd2 Bf8 13. Bc2 Rb8 14. Nc4 Ba6 15. dxe5 dxe5 16. Qe2 bxc3 17. bxc3 Qc8 18. Bg5 Qe6 19. Nfd2 h6 20. Be3 Red8 21. Bd3 Rd7 22. Nxe5 Bxd3 23. Nxd3 Nxe4 24. Nf4 Nxc3 25. Qf3 Qf6 26. Rac1 Ne5 27. Qg3 Nd3 28. Nxd3 Rxd3 29. Qxc7 Rbd8 30. Qxa5 Na2 31. Rc4 Nc3 32. Nf3 Nd5 33. Bd4 Qg6 34. Qxd8 Nf4 35. Nh4 1-0

[Event "*** SCC Grand Prix: Titled Tuesday Blitz"]
[Site "Chess.com"]
[Date "2020.07.14"]
[Round "4"]
[White "abykhovsky"]
[Black "Konavets"]
[Result "1-0"]
[WhiteElo "2717"]
[BlackElo "3043"]
[TimeControl "180+1"]
[EndTime "10:39:20 PDT"]
[Termination "abykhovsky won by resignation"]

1. d4 Nf6 2. Nf3 g6 3. c4 Bg7 4. Nc3 d5 5. Bg5 Ne4 6. cxd5 Nxg5 7. Nxg5 e6 8. Nf3 exd5 9. e3 O-O 10. b4 Qd6 11.
Qb3 Be6 12. Be2 a6 13. O-O Nd7 14. Rfc1 Rfe8 15. Na4 Nf6 16. Nc5 Bc8 17. Ne5 b6 18. Ncd3 Bb7 19. Rc2 Ne4 20. Rac1 Rac8 21. Bf3 Ng5 22.
Bg4 Ne6 23. Nc5 Ba8 24. Bxe6 fxe6 25. Nxa6 c6 26. Nd3 Bb7 27. b5 cxb5 28. Qxb5 Bf8 29. Nc7 Red8 30. Ne5 Bg7 31. f4 Rf8 32. Nd7 Rfd8 33.
Ne5 Rf8 34. Qb3 g5 35. g3 gxf4 36. exf4 h5 37. Nb5 Qd8 38. Qf3 h4 39. Qg4 Qf6 40.
Nd7 Qf7 41. Nxf8 Rxf8 42. Rc7 Qg6 43. Qxg6 1-0

[Event "*** SCC Grand Prix: Titled Tuesday Blitz"]
[Site "Chess.com"]
[Date "2020.07.14"]
[Round "4"]
[White "AlexOstrovskiy"]
[Black "Oligan22"]
[Result "1-0"]
[WhiteElo "2629"]
[BlackElo "2449"]
[TimeControl "180+1"]
[EndTime "10:39:20 PDT"]
[Termination "AlexOstrovskiy won by resignation"]

1. d4 d5 2. Bf4 Nf6 3. e3 c5 4. dxc5 Nc6 5. Bb5 e6 6. b4 Nd7 7. c3 a5 8. Ne2 axb4 9. Bxc6 bxc6 10. cxb4 Qf6 11. Nbc3 Ba6 12. O-O g5 13. Bg3 h5 14.
Bd6 Bxd6 15. cxd6 e5 16. b5 Bb7 17. bxc6 Bxc6 18. Nxd5 Qxd6 19. Nec3 e4 20. Qd4 O-O 21. Qxe4 Rae8 22. Qd4 h4 23. h3 f6 24. Rfd1 Ne5 25. Ne4 Qe6 26. Nc7 Qf5 27. Nxe8 Rxe8 28. Nd6 Nf3+ 29. gxf3 Qxf3 30. Kf1 Qg2+ 31. Ke1 Qg1+ 32.
Ke2 Qg2 33. Nxe8 Qf3+ 34. Ke1 Qxf2+ 35. Kxf2 1-0

[Event "*** SCC Grand Prix: Titled Tuesday Blitz"]
[Site "Chess.com"]
[Date "2020.07.14"]
[Round "4"]
[White "MarceloPlaya"]
[Black "TST2014"]
[Result "1-0"]
[WhiteElo "2326"]
[BlackElo "2487"]
[TimeControl "180+1"]
[EndTime "10:39:21 PDT"]
[Termination "MarceloPlaya won on time"]

1. e4 c5 2. Nf3 Nc6 3. d4 cxd4 4. Nxd4 Nf6 5. Nc3 d6 6. Bg5 e6 7. Qd2 a6 8. O-O-O Bd7 9. f3 b5 10. h4 Ne5 11. Bd3 h6 12. Be3 h5 13. Kb1 Qc7 14.
f4 Neg4 15. Bg1 b4 16. Nce2 a5 17. f5 e5 18. Nf3 d5 19. Ng5 d4 20. Nxd4 exd4 21. Bxd4 Bc5 22. Bc4 O-O 23. Nxf7 Rxf7 24.
Bxf7+ Kxf7 25. e5 Nxe5 26. Rhe1 Re8 27. Qf4 Bxd4 28. Qxd4 Bc6 29. g3 Kf8 30. Qc5+ Kf7 31. Rd6 Qb7 32. Rxe5 Rxe5 33. Qxe5 Be4 34. Qe6+ Kf8 35.
Rd8+ 1-0

[Event "*** SCC Grand Prix: Titled Tuesday Blitz"]
[Site "Chess.com"]
[Date "2020.07.14"]
[Round "4"]
[White "Kaua18"]
[Black "dopolian"]
[Result "0-1"]
[WhiteElo "2276"]
[BlackElo "2447"]
[TimeControl "180+1"]
[EndTime "10:39:23 PDT"]
[Termination "dopolian won by resignation"]

1. e4 Nc6 2. Nf3 e5 3. d4 exd4 4. Bc4 Nf6 5. e5 d5 6. Bb5 Ne4 7.
Nxd4 Bc5 8. Be3 O-O 9. Nxc6 bxc6 10. Bxc5 Nxc5 11. Bxc6 Rb8 12. Qxd5 Qe7 13. O-O Rxb2 14. Na3 Be6 15. Qf3 Bxa2 16. Qc3 Rfb8 17. Nc4 Bxc4 18. Qxc4 Qxe5 19. Rfe1 Qf5 20. Re2 Rb1+ 21. Re1 R1b2 22.
Re2 a5 23. h3 Rb1+ 24. Re1 Rxe1+ 25. Rxe1 h6 26. g4 Qg5 27. f4 Qh4 28. Rf1 Ne6 29. Bg2 Qg3 30. f5 Ng5 31. Qd3 Nxh3+ 32. Kh1 Nf2+ 33.
Rxf2 Qxf2 34. Kh2 Qf4+ 35. Kh3 Re8 36. g5 Re3+ 0-1

[Event "*** SCC Grand Prix: Titled Tuesday Blitz"]
[Site "Chess.com"]
[Date "2020.07.14"]
[Round "4"]
[White "Tactictic"]
[Black "bmt011"]
[Result "1-0"]
[WhiteElo "2379"]
[BlackElo "2115"]
[TimeControl "180+1"]
[EndTime "10:39:23 PDT"]
[Termination "Tactictic won on time"]

1. e4 e6 2. d4 d5 3. Nd2 Nf6 4.
e5 Nfd7 5. Bd3 c5 6. c3 Nc6 7. Ne2 cxd4 8. cxd4 f6 9. exf6 Qxf6 10. Nf3 Bd6 11.
Bd2 h6 12. O-O O-O 13. Bc3 e5 14. dxe5 Ndxe5 15. Nxe5 Bxe5 16. f4 Bxc3 17. Nxc3 Qd4+ 18. Kh1 Be6 19. f5 Bf7 20. f6 g6 21. Qf3 Ne5 22. Qh3 Kh7 23. Rad1 Qg4 24. Qe3 Nxd3 25. Rxd3 Rae8 26.
Qd2 Re5 27. h3 Qc4 28. Rf4 Qc5 29. Rh4 g5 30. Rhd4 Rfe8 31. Nxd5 Re1+ 32. Kh2 Bxd5 33.
Rxd5 Qc7+ 34. Rd6 R8e2 35. Qc3 1-0

[Event "*** SCC Grand Prix: Titled Tuesday Blitz"]
[Site "Chess.com"]
[Date "2020.07.14"]
[Round "4"]
[White "Tonychess32"]
[Black "ChessWarrior7197"]
[Result "1-0"]
[WhiteElo "2637"]
[BlackElo "2848"]
[TimeControl "180+1"]
[EndTime "10:39:24 PDT"]
[Termination "Tonychess32 won by checkmate"]

1. e4 c5 2. Nf3 d6 3. c3 Nf6 4.
Bd3 g6 5. Bc2 Bg7 6. O-O Bg4 7.
h3 Bxf3 8. Qxf3 O-O 9. Re1 Nc6 10. Qe2 Rb8 11. a4 a6 12. Na3 Ne8 13. Nc4 b5 14.
axb5 axb5 15. Ne3 Nc7 16. d3 b4 17. Bd2 bxc3 18. bxc3 Nb5 19. Nd1 Nbd4 20. cxd4 Nxd4 21.
Qg4 Nxc2 22. Rc1 Nxe1 23. Bxe1 Qc8 24. Qf3 Rb3 25. Qe2 Qa6 26. Bc3 Bxc3 27. Nxc3 Qa3 28.
Qd2 e6 29. h4 h5 30. g4 hxg4 31. h5 Qa7 32. Qg5 f6 33. Qxg4 g5 34. Qxe6+ Qf7 35. Qxd6 Qxh5 36. Qd5+ Qf7 37. Qxc5 Kg7 38.
Nd5 Rfb8 39. Kg2 Rxd3 40. Qd6 Rb7 41. Rc8 Rd7 42. Qh2 Kg6 43. Rh8 Qh7 44. Rxh7 Rxh7 45. Qd6 Rf7 46. Nf4+ gxf4 47. Qxd3 Re7 48. Kf3 Kg5 49.
Qd5+ Re5 50. Qg8+ Kh6 51. Kxf4 Rg5 52. Qxg5+ fxg5+ 53. Kf5 Kh5 54. e5 g4 55. e6 g3 56. fxg3 Kh6 57. e7 Kg7 58. e8=Q Kh6 59. Qg6# 1-0

[Event "*** SCC Grand Prix: Titled Tuesday Blitz"]
[Site "Chess.com"]
[Date "2020.07.14"]
[Round "4"]
[White "NormWeinstein"]
[Black "JosefineHeinemann"]
[Result "0-1"]
[WhiteElo "2453"]
[BlackElo "2641"]
[TimeControl "180+1"]
[EndTime "10:39:24 PDT"]
[Termination "JosefineHeinemann won on time"]

1. e4 c5 2. Nf3 d6 3. Nc3 a6 4. g3 Nc6 5. Bg2 g6 6. d4 cxd4 7. Nxd4 Bg7 8. Nxc6 bxc6 9. O-O Qc7 10. Re1 Rb8 11. Na4 Be6 12. Qd3 Nf6 13. c4 Nd7 14.
Qc2 O-O 15. Rb1 Ne5 16. b3 Nxc4 17. bxc4 Rxb1 18. Qxb1 Qa5 19. Bg5 Qxg5 20. c5 Bd4 21.
cxd6 exd6 22. Qc2 c5 23. Nc3 Rb8 24. Rb1 Rxb1+ 25. Nxb1 Qf6 26. a3 c4 27. Kf1 c3 28. f4 g5 29. f5 Bc4+ 30. Ke1 d5 31. Bf1 Bxf1 32. Kxf1 Qe5 33. exd5 Qe3 34. d6 Qg1+ 35.
Ke2 Qf2+ 36. Kd3 Qxf5+ 37. Kxd4 Qxc2 38. Nxc3 Kf8 39. Nd5 Qa4+ 40. Ke5 Ke8 41. d7+ Kd8 42. Nf6 Qxa3 43. Nxh7 Kxd7 44. Nf6+ Ke7 45. Nd5+ Kf8 46. g4 Qc5 47. Ke4 a5 0-1

[Event "*** SCC Grand Prix: Titled Tuesday Blitz"]
[Site "Chess.com"]
[Date "2020.07.14"]
[Round "4"]
[White "catalin009"]
[Black "LilRag"]
[Result "0-1"]
[WhiteElo "2325"]
[BlackElo "2513"]
[TimeControl "180+1"]
[EndTime "10:39:24 PDT"]
[Termination "LilRag won by resignation"]

1. e4 c5 2. Nf3 e6 3. d4 cxd4 4. Nxd4 Nf6 5. Bd3 Nc6 6. Nxc6 bxc6 7. O-O d5 8. Nc3 Be7 9. Qe2 O-O 10. b3 c5 11. Bb2 Bb7 12. Rad1 Re8 13. Rfe1 a6 14.
e5 Nd7 15. Na4 Qc7 16. c4 d4 17. Bc1 Bc6 18. Nb2 a5 19. Bb1 Bf8 20. Rd3 g6 21. h4 Bg7 22. f4 Nb6 23. h5 a4 24. Rh3 axb3 25. axb3 Nd7 26. Qg4 Nf8 27. hxg6 hxg6 28.
Nd3 Qe7 29. Nf2 Ra1 30. Bb2 Ra7 31. Be4 Bxe4 32. Nxe4 Ra2 33. Re2 Rb8 34. Kh2 d3 35. Ng5 dxe2 36. Qh4 e1=Q 0-1

[Event "*** SCC Grand Prix: Titled Tuesday Blitz"]
[Site "Chess.com"]
[Date "2020.07.14"]
[Round "4"]
[White "SHIVACalypso"]
[Black "swayamsm"]
[Result "0-1"]
[WhiteElo "2431"]
[BlackElo "2612"]
[TimeControl "180+1"]
[EndTime "10:39:25 PDT"]
[Termination "swayamsm won on time"]

1. Nf3 e6 2. c4 b6 3. g3 Bb7 4. Bg2 f5 5. O-O Nf6 6. Nc3 Be7 7. Rb1 O-O 8. d3 Qe8 9. b4 a5 10. a3 axb4 11. axb4 d6 12. b5 Nbd7 13. Bb2 Qh5 14. Nd4 Bxg2 15. Kxg2 e5 16. Ne6 Rfc8 17. Ra1 Ne8 18.
Nd5 Rxa1 19. Qxa1 Bf6 20. Qa6 Rb8 21. e3 Qf7 22. Nexc7 Nxc7 23. Nxc7 Nc5 24. Qa7 Rc8 25. Qxb6 Qxc7 26. Qxc7 Rxc7 27. Rd1 Ra7 28. d4 Na4 29.
Ba1 exd4 30. Bxd4 Bxd4 31. Rxd4 Rc7 32. Kf3 Kf7 33. Rxd6 Rxc4 34. Ra6 Rb4 35. h4 Nc5 36. Ra7+ Kf6 37. Ra5 Ne4 38. Ra6+ Kf7 39. b6 h6 0-1

[Event "*** SCC Grand Prix: Titled Tuesday Blitz"]
[Site "Chess.com"]
[Date "2020.07.14"]
[Round "4"]
[White "Godzillator"]
[Black "OhanyanEminChess"]
[Result "0-1"]
[WhiteElo "2309"]
[BlackElo "2496"]
[TimeControl "180+1"]
[EndTime "10:39:25 PDT"]
[Termination "OhanyanEminChess won by resignation"]

1. d4 Nf6 2. c4 c5 3. d5 b5 4. cxb5 a6 5. bxa6 g6 6. Nc3 Bg7 7. e4 O-O 8. Nf3 d6 9. Be2 Qa5 10. Nd2 Bxa6 11. O-O Nbd7 12. f3 Rfb8 13. a4 Ne8 14.
Kh1 Nc7 15. Bxa6 Qxa6 16. Qc2 Ne5 17. b3 Qd3 18. Ra2 Qxc2 19. Rxc2 Nd3 20. Ba3 Nb4 21. Bxb4 Rxb4 22. h4 h5 23. Rb1 Rab8 24. Rbc1 Na6 25. Nb5 Bh6 26. Rb1 Bxd2 27. Rxd2 Rb7 28. Rc2 Nc7 29. Rc4 Nxb5 30. Rxb4 cxb4 31. axb5 Rxb5 32. Rc1 Rc5 33. Rb1 Kg7 34. Kh2 Kf6 35. Kg3 Ke5 36.
Ra1 Rc3 37. Ra7 Kf6 38. Kf4 Rxb3 39. g4 hxg4 40. fxg4 Rh3 41. g5+ Kg7 42. Rxe7 Rxh4+ 43. Kf3 b3 44. Rb7 Rh2 45. Kg3 Rb2 46. Rb6 Rb1 47.
Rxd6 b2 48. Rb6 Rg1+ 49. Kf4 b1=Q 50. Rxb1 Rxb1 51. Ke5 Kf8 52. Kd6 Rg1 53. Kc7 Rxg5 54. d6 Rc5+ 55. Kb6 Rc1 56. e5 g5 0-1

[Event "*** SCC Grand Prix: Titled Tuesday Blitz"]
[Site "Chess.com"]
[Date "2020.07.14"]
[Round "4"]
[White "heyiampotato"]
[Black "GOGIEFF"]
[Result "0-1"]
[WhiteElo "2532"]
[BlackElo "2891"]
[TimeControl "180+1"]
[EndTime "10:39:26 PDT"]
[Termination "GOGIEFF won on time"]

1. d4 Nf6 2. c4 g6 3. Nc3 Bg7 4. e4 d6 5. Nf3 O-O 6. Be2 e5 7.
O-O Nc6 8. d5 Ne7 9. Bg5 h6 10.
Be3 Ng4 11. Bd2 f5 12. exf5 gxf5 13. Nh4 Nf6 14. g3 c6 15. Qb3 Kh7 16. Be3 b5 17. dxc6 bxc4 18. Bxc4 d5 19. c7 Qxc7 20. Nxd5 Nexd5 21. Bxd5 Rb8 22. Qc4 Nxd5 23. Qxd5 Bb7 24. Qe6 Rf6 25.
Qb3 f4 26. Rac1 Qd7 27. Bxa7 Rbf8 28. Qc2+ Kg8 29. Qc7 Qd5 30. f3 fxg3 31. hxg3 e4 32.
Rfd1 Qg5 33. Kh2 Ba8 34. Rc5 Qe3 35. Rg5 Qe2+ 36. Kh3 hxg5 37. Rd7 Bh6 0-1

[Event "*** SCC Grand Prix: Titled Tuesday Blitz"]
[Site "Chess.com"]
[Date "2020.07.14"]
[Round "4"]
[White "TheCount"]
[Black "thedjoker98"]
[Result "0-1"]
[WhiteElo "2701"]
[BlackElo "2506"]
[TimeControl "180+1"]
[EndTime "10:39:26 PDT"]
[Termination "thedjoker98 won by checkmate"]

1. d4 d5 2. c4 c6 3. cxd5 cxd5 4. Bf4 Nc6 5. e3 Nf6 6. Nc3 a6 7. Bd3 Bg4 8. Nge2 Bxe2 9. Qxe2 e6 10. O-O Bd6 11. Bxd6 Qxd6 12. f4 O-O 13. Na4 Rac8 14. Nc5 Rc7 15. a3 Rfc8 16. b4 a5 17. Rab1 axb4 18. axb4 b6 19. Na6 Ra7 20. Rfc1 Raa8 21.
h3 g6 22. Rc3 Kg7 23. Rbc1 Ne7 24. Nc7 Rab8 25. Qc2 Ne8 26. Nxe8+ Rxe8 27. Qa4 Rec8 28. Ba6 Rxc3 29. Rxc3 h5 30. Bd3 h4 31. Kf2 Rh8 32.
Rc2 g5 33. fxg5 Rh5 34. Be2 Rxg5 35. Bf3 Nf5 36. Qb3 Qh2 37. Qb1 Nd6 38. Qg1 Qg3+ 39. Ke2 Rf5 40. Qf2 Qg5 41. Rc6 Nc4 42. Kd3 Rf6 43.
Rc7 Qf5+ 44. Kc3 Qb1 45. Qxh4 Qb2+ 46. Kd3 Qd2# 0-1

[Event "*** SCC Grand Prix: Titled Tuesday Blitz"]
[Site "Chess.com"]
[Date "2020.07.14"]
[Round "4"]
[White "tsvet2005"]
[Black "Sueetin"]
[Result "1-0"]
[WhiteElo "2594"]
[BlackElo "2333"]
[TimeControl "180+1"]
[EndTime "10:39:26 PDT"]
[Termination "tsvet2005 won on time"]

1. d4 Nf6 2. c4 e6 3. Nc3 Bb4 4. f3 d6 5. e4 e5 6. d5 Bxc3+ 7. bxc3 Nbd7 8. Bd3 Nc5 9. Ne2 Bd7 10. Ng3 g6 11. O-O Qe7 12. f4 exf4 13. Bxf4 Ng4 14. Qd2 h6 15. h3 Ne5 16. Be2 f6 17. Be3 h5 18.
Qc2 O-O-O 19. Nh1 f5 20. Nf2 Nxe4 21. Nxe4 fxe4 22. Qxe4 Bf5 23. Qd4 b6 24. a4 a5 25. c5 dxc5 26. Qd2 Be4 27. Bg5 Qd6 28. Bxd8 Rxd8 29. c4 Bf5 30. Qf4 Re8 31. Rae1 Qd7 32. Bd1 Nd3 33. Rxe8+ Qxe8 34. Qd2 Qe5 35. Bc2 Qd4+ 36.
Kh1 Qxc4 37. Rxf5 gxf5 38. Qxd3 Qd4 39. Qxd4 cxd4 40. Bxf5+ Kd8 41. Kg1 Ke7 42. Kf1 h4 43. Ke2 Kd6 44. Be4 1-0

[Event "*** SCC Grand Prix: Titled Tuesday Blitz"]
[Site "Chess.com"]
[Date "2020.07.14"]
[Round "4"]
[White "freshfoodcompany"]
[Black "WPWPWP-2015"]
[Result "0-1"]
[WhiteElo "2246"]
[BlackElo "2428"]
[TimeControl "180+1"]
[EndTime "10:39:26 PDT"]
[Termination "WPWPWP-2015 won by resignation"]

1. d4 Nf6 2. c4 e6 3. Nc3 Bb4 4. e3 O-O 5. Bd3 d6 6. Nf3 Nbd7 7. O-O e5 8. Qc2 Bxc3 9. bxc3 Qe7 10. e4 c5 11. Be3 Ng4 12. h3 Nxe3 13. fxe3 b6 14. Rae1 Rd8 15. Qf2 Nf8 16. Nh4 h6 17. Nf5 Bxf5 18.
exf5 e4 19. Bc2 Nh7 20. Qf4 Re8 21. g4 Rac8 22. Bb3 Qh4 23. Kg2 Ng5 24. Qg3 Qxg3+ 25. Kxg3 Nf3 26. Rd1 g5 27. Rf2 Rc7 28. Ba4 Rd8 29.
Bb3 Kg7 30. Bc2 cxd4 31. Bxe4 Ne5 32. cxd4 Nxc4 33. Rc1 d5 34. Bd3 b5 35. f6+ Kf8 36. Kf3 Nd2+ 37. Rxd2 Rxc1 38. Bxb5 Rd6 39. Bd3 Rxf6+ 40.
Kg2 Re6 41. Re2 Rc3 42. Bf5 Rcxe3 43. Rxe3 Rxe3 0-1

[Event "*** SCC Grand Prix: Titled Tuesday Blitz"]
[Site "Chess.com"]
[Date "2020.07.14"]
[Round "4"]
[White "BocharovD"]
[Black "Airquake"]
[Result "1-0"]
[WhiteElo "2783"]
[BlackElo "2604"]
[TimeControl "180+1"]
[EndTime "10:39:28 PDT"]
[Termination "BocharovD won on time"]

1. c4 Nf6 2. g3 e6 3. Bg2 d5 4. Nf3 Be7 5. d4 O-O 6. Nc3 b6 7. cxd5 exd5 8. O-O Bb7 9. b3 Na6 10. Bb2 c5 11. e3 Nc7 12. Re1 h6 13. Rc1 Ne6 14. Re2 Ne4 15. dxc5 Bxc5 16. Rec2 Re8 17. Na4 Bf8 18. Nd4 N6c5 19. Nc3 Rc8 20. Nce2 Ba6 21. Nf4 Bb7 22. b4 Na6 23. Rxc8 Bxc8 24. Nc6 Qg5 25. Qxd5 Qxd5 26. Nxd5 Bb7 27. a3 Nb8 28. Nc7 Rc8 29. Nxb8 Rxb8 30. Nb5 a6 31. Nd4 Nf6 32. Nf5 Bxg2 33.
Kxg2 Nd7 34. Rc7 Rd8 35. Bd4 b5 36. Ra7 g6 37. Nh4 Nb8 38. Nf3 Nc6 39. Rxa6 Nb8 40. Ra8 1-0

[Event "*** SCC Grand Prix: Titled Tuesday Blitz"]
[Site "Chess.com"]
[Date "2020.07.14"]
[Round "4"]
[White "tamarozi99"]
[Black "zmeeed67"]
[Result "0-1"]
[WhiteElo "2020"]
[BlackElo "2435"]
[TimeControl "180+1"]
[EndTime "10:39:28 PDT"]
[Termination "zmeeed67 won on time"]

1. e4 c5 2. Nf3 e6 3. d4 cxd4 4. Nxd4 Nf6 5. Nc3 Bb4 6. Bd3 Nc6 7. Ne2 d5 8. exd5 exd5 9. O-O O-O 10. Bg5 Be7 11. Nf4 d4 12. Ne4 Nxe4 13. Bxe7 Qxe7 14. Re1 f5 15. f3 Qd6 16. Bc4+ Kh8 17. Nh3 Nf6 18.
Ng5 Ne5 19. Bb3 Bd7 20. f4 Ng6 21. g3 Be8 22. Re6 Qc5 23. Qd3 Bb5 24. Qf3 d3+ 25. Qf2 Qxf2+ 26. Kxf2 dxc2 27. Bxc2 Rad8 28. Bxf5 Rd2+ 29.
Ke3 Re2+ 30. Kf3 Rxb2 31. Nf7+ Rxf7 32. Bxg6 hxg6 33. Rae1 Bc6+ 0-1

[Event "*** SCC Grand Prix: Titled Tuesday Blitz"]
[Site "Chess.com"]
[Date "2020.07.14"]
[Round "4"]
[White "TimKett"]
[Black "Nafania1"]
[Result "1-0"]
[WhiteElo "2161"]
[BlackElo "2430"]
[TimeControl "180+1"]
[EndTime "10:39:29 PDT"]
[Termination "TimKett won by resignation"]

1. e4 e6 2. d4 d5 3. Nc3 h6 4. Nf3 Nf6 5. e5 Ne4 6. Bd3 Bb4 7. Bd2 Nxd2 8. Qxd2 c5 9. O-O O-O 10. a3 Bxc3 11. Qxc3 c4 12. Be2 Nc6 13.
Qe3 Qb6 14. Rab1 Bd7 15. c3 Qd8 16. Rfe1 b5 17. Bf1 a5 18. Ra1 Qe7 19. h4 b4 20.
axb4 axb4 21. g4 b3 22. g5 h5 23. Qf4 Ra2 24. Rab1 Qd8 25. Be2 Ne7 26. Nd2 g6 27.
Nf1 Nf5 28. Ng3 Nxg3 29. fxg3 Qe7 30. Rf1 Bc6 31. g4 hxg4 32. Bxg4 Kg7 33. Qf6+ Qxf6 34. exf6+ Kg8 35. h5 Kh7 36. Rf2 Be8 37. Rh2 Kg8 38.
hxg6 fxg6 39. Bxe6+ Bf7 40. Bxf7+ Kxf7 41. Re1 Re8 42.
Rh7+ Kg8 43. f7+ Kxh7 44. fxe8=Q 1-0

[Event "*** SCC Grand Prix: Titled Tuesday Blitz"]
[Site "Chess.com"]
[Date "2020.07.14"]
[Round "4"]
[White "gagtemp"]
[Black "Morshynska"]
[Result "0-1"]
[WhiteElo "1930"]
[BlackElo "2185"]
[TimeControl "180+1"]
[EndTime "10:39:29 PDT"]
[Termination "Morshynska won by resignation"]

1. e4 c5 2. Nf3 e6 3. d4 cxd4 4. Nxd4 a6 5. Nc3 Nc6 6. Be3 Nf6 7. Bd3 d6 8. O-O Be7 9. Kh1 O-O 10. f4 Bd7 11. Qf3 Rc8 12. Rae1 b5 13. a3 Nxd4 14. Bxd4 Bc6 15. Qh3 g6 16. f5 exf5 17. exf5 Nh5 18.
Ne4 Bxe4 19. Bxe4 Bf6 20. Bxf6 Nxf6 21. fxg6 hxg6 22. Bd3 Rc5 23. Re3 Kg7 24. Ref3 Nh7 25. Qg4 Qg5 26. Qd4+ Qe5 27. Qf2 f5 28. c3 Rh8 29.
Re3 Qf6 30. Rfe1 Re5 31. Qf3 Ng5 32. Qb7+ Kh6 33. Qxa6 Rxe3 34. Rxe3 f4 35. Re1 f3 36.
Qxb5 fxg2+ 37. Kg1 Nf3+ 38. Kf2 Nxe1+ 39. Kxe1 g1=Q+ 0-1

[Event "*** SCC Grand Prix: Titled Tuesday Blitz"]
[Site "Chess.com"]
[Date "2020.07.14"]
[Round "4"]
[White "GoltsevDmitry2000"]
[Black "silverback96"]
[Result "1-0"]
[WhiteElo "2566"]
[BlackElo "2237"]
[TimeControl "180+1"]
[EndTime "10:39:30 PDT"]
[Termination "GoltsevDmitry2000 won by checkmate"]

1. e4 e6 2. Nf3 d5 3. exd5 exd5 4.
d4 Bd6 5. Bd3 Nc6 6. O-O Bg4 7.
c3 Nge7 8. h3 Bh5 9. Re1 Qd7 10.
Bg5 f6 11. Bh4 O-O-O 12. Nbd2 g5 13. Bg3 Bxg3 14. fxg3 Qd6 15. g4 Bg6 16. Qc2 Kb8 17. Re2 Bxd3 18. Qxd3 Ng6 19. Ree1 Nf4 20. Qe3 h5 21. gxh5 Rxh5 22. Nf1 Rh7 23. N3h2 f5 24. Qg3 Ne2+ 25. Rxe2 f4 26. Qg4 a5 27. Rae1 Rhh8 28.
Re6 Qd7 29. Rg6 Qf7 30. Rxg5 Rhg8 31. Rxg8 Rxg8 32. Qf3 Ne7 33. Ng4 Qf5 34. Rxe7 Qg5 35.
Re5 Qg6 36. Qxf4 Qb1 37. Re7 Rc8 38. Qf2 Qxa2 39. h4 a4 40. h5 Rg8 41. Nge3 Qb1 42.
h6 Rh8 43. h7 Rxh7 44. Rxh7 Qxh7 45. Qf8+ Ka7 46. Qc5+ Kb8 47. Qxd5 Qb1 48. Qd8+ Ka7 49. Qxc7 Qxb2 50. Qa5+ Kb8 51. Qxa4 Qxc3 52. Qe8+ Ka7 53. Qe5 Ka6 54. g4 b5 55. g5 b4 56. g6 b3 57.
g7 b2 58. g8=Q b1=Q 59. Qa8+ Kb6 60. Qeb8# 1-0

[Event "*** SCC Grand Prix: Titled Tuesday Blitz"]
[Site "Chess.com"]
[Date "2020.07.14"]
[Round "4"]
[White "mitrabhaa"]
[Black "eightbyeightchess"]
[Result "1/2-1/2"]
[WhiteElo "2596"]
[BlackElo "2410"]
[TimeControl "180+1"]
[EndTime "10:39:31 PDT"]
[Termination "Game drawn by repetition"]

1. Nf3 d5 2. d4 Nf6 3. Bg5 Bf5 4. Bxf6 gxf6 5. c4 e6 6. Nc3 dxc4 7. e4 Bg4 8. Bxc4 Nc6 9. d5 exd5 10. Nxd5 Bb4+ 11.
Nxb4 Qxd1+ 12. Rxd1 Nxb4 13. Ke2 Ke7 14. h3 Be6 15. Rc1 Bxc4+ 16. Rxc4 Nc6 17. b4 a6 18. a4 Rhd8 19. Rhc1 Rd7 20. b5 axb5 21. axb5 Ra2+ 22. Kf1 Na7 23. Rxc7 Nxb5 24. Rxd7+ Kxd7 25. Rb1 Kc6 26. e5 fxe5 27. Nxe5+ Kc5 28. Nd3+ Kc4 29. Ne5+ Kc5 30.
Nxf7 Nc3 31. Rc1 Kd4 32. Nd6 b5 33. Rxc3 Kxc3 34. Nxb5+ Kd3 35. g4 Ra5 36. Nd6 Kd4 37. Kg2 Kd5 38. Nf5 Ke4 39. Kg3 Ra3+ 40. Kg2 Kf4 41.
Ng3 Rb3 42. Nh5+ Kg5 43. f3 Ra3 44. Kg3 Kh6 45. h4 Kg6 46. Nf4+ Kf6 47. Nh3 Ra1 48. Nf2 Ke5 49. Nh3 Ra2 50. Ng5 Ra7 51. f4+ Kf6 52. Ne4+ Ke6 53. Ng5+ Kd5 54. h5 h6 55. Nf3 Ke4 56.
g5 Ra3 57. gxh6 Rxf3+ 58. Kg4 Rxf4+ 59. Kg5 Rf8 60. h7 Rc8 61. h6 Ke5 62. Kg6 Rc6+ 63. Kg7 Rc7+ 64. Kg8 Rc8+ 65. Kf7 Rc7+ 66. Kg6 Rc6+ 67.
Kg5 Rc8 68. Kg6 Rc6+ 1/2-1/2

[Event "*** SCC Grand Prix: Titled Tuesday Blitz"]
[Site "Chess.com"]
[Date "2020.07.14"]
[Round "4"]
[White "Pintacara"]
[Black "GelmanAlexander"]
[Result "0-1"]
[WhiteElo "2324"]
[BlackElo "2578"]
[TimeControl "180+1"]
[EndTime "10:39:31 PDT"]
[Termination "GelmanAlexander won on time"]

1. d4 Nf6 2. Bg5 c5 3. d5 g6 4. Nc3 d6 5. h4 Nbd7 6. e4 Bg7 7. Be2 h6 8. Be3 b5 9. Bxb5 Qa5 10. Bd2 Rb8 11.
Bc6 O-O 12. Rb1 Ba6 13. h5 Ne5 14. hxg6 fxg6 15. f4 Nc4 16. Nf3 Rxb2 17. Rxb2 Nxb2 18. Qc1 Nc4 19. e5 Ng4 20. Bd7 Nge3 21. Be6+ Kh8 22. Kf2 dxe5 23. Bxe3 Qxc3 24. fxe5 Nxe3 25. Qxe3 Qxc2+ 26. Kg3 g5 27. Qxg5 Qh7 28. Qh5 Be2 29. Re1 Bxf3 30. gxf3 Qd3 0-1

[Event "*** SCC Grand Prix: Titled Tuesday Blitz"]
[Site "Chess.com"]
[Date "2020.07.14"]
[Round "4"]
[White "tan275"]
[Black "ARMQUEEN"]
[Result "0-1"]
[WhiteElo "2270"]
[BlackElo "2442"]
[TimeControl "180+1"]
[EndTime "10:39:31 PDT"]
[Termination "ARMQUEEN won on time"]

1. d4 Nf6 2. c4 c5 3. d5 e6 4. Nc3 exd5 5. cxd5 d6 6. e4 g6 7. h3 Bg7 8. Nf3 O-O 9. Bd3 Re8 10. O-O c4 11. Bxc4 Nxe4 12. Nxe4 Rxe4 13. Qc2 Re8 14.
Bg5 Qb6 15. Rfe1 Bd7 16. Rxe8+ Bxe8 17. Re1 Nd7 18. Bb3 Ne5 19. Nxe5 Bxe5 20. Be3 Qa5 21. Bd2 Qb6 22. Be3 Qd8 23. Rc1 Qf6 24. Qc7 Bxb2 25. Qxb7 Rd8 26. Rc7 Qf5 27. Bc2 Qe5 28. Rc8 Rxc8 29.
Qxc8 Kg7 30. Qc7 a6 31. Bd3 Qxd5 32. Bxa6 Qd1+ 33. Kh2 Be5+ 34. g3 Qd5 35. Bc4 Qf3 36.
Qb6 Bc6 37. Bh6+ Kxh6 38. Qe3+ Qxe3 39. fxe3 f5 40. Bb3 Kg7 41. a4 Bc3 42. Kg1 Be1 43.
Kh2 Bd2 0-1